 Dungeon Crawl Stone Soup version 0.22.1-1-ga44c0e5 (webtiles) character file.

2244 topirishpotato the Cudgeler (level 9, -7/54 HPs)
             Began as a Gargoyle Fighter on Oct 7, 2018.
             Was a Believer of Makhleb.
             Mangled by a two-headed ogre
             ... wielding a +0 giant club
              (23 damage)
             ... on level 8 of the Dungeon.
             The game lasted 00:07:48 (5557 turns).

topirishpotato the Cudgeler (Gargoyle Fighter)      Turns: 5557, Time: 00:07:49

Health: -7/54      AC: 13    Str: 25    XL:     9   Next: 37%
Magic:  13/13      EV:  9    Int: 15    God:    Makhleb [**....]
Gold:   301        SH: 11    Dex: 12    Spells: 8/8 levels left

rFire    . . .     SeeInvis +   H - +0 flail (protect)
rCold    . . .     Gourm    .   c - +0 shield
rNeg     + . .     Faith    .   b - +0 scale mail
rPois    ∞         Spirit   .   (no helmet)
rElec    +         Reflect  .   r - scarf {repulsion}
rCorr    .         Harm     .   (no gloves)
MR       .....                  (no boots)
Stlth    ..........             x - amulet of magic regeneration
HPRegen  0.18/turn              o - +6 ring of intelligence
MPRegen  0.38/turn              w - ring of see invisible

@: mighty, repel missiles
A: negative energy resistance 1, electricity resistance, unbreathing,
petrification resistance, rot immunity, AC +6
a: Minor Destruction, Renounce Religion


You were on level 8 of the Dungeon.
You worshipped Makhleb.
Makhleb was pleased with you.
You were hungry.

You visited 1 branch of the dungeon, and saw 8 of its levels.

You collected 301 gold pieces.

Inventory:

Hand Weapons
 H - a +0 flail of protection (weapon)
Armour
 b - a +0 scale mail (worn)
 c - a +0 shield (worn)
 r - a scarf of repulsion (worn)
 u - a +0 cloak
Magical Staves
 C - a cursed staff of conjuration {unknown}
Jewellery
 o - a +6 ring of intelligence (left hand)
 v - an uncursed ring of positive energy
 w - a ring of see invisible (right hand)
 x - an amulet of magic regeneration (around neck)
Wands
 l - a wand of polymorph (3)
 y - a wand of clouds (7)
 F - a wand of digging (6)
Scrolls
 e - 8 scrolls of identify {unknown}
 g - 4 scrolls of teleportation {unknown}
 i - 4 scrolls of amnesia {unknown}
 m - 2 scrolls of blinking {unknown}
 n - 7 scrolls of remove curse {unknown}
 p - 2 scrolls of fog {unknown}
 q - 2 scrolls of fear {unknown}
 B - a scroll of acquirement {unknown}
 D - a scroll of enchant weapon {unknown}
 G - a scroll of immolation {unknown}
 I - a scroll of enchant armour {unknown}
Potions
 a - a potion of lignification {unknown}
 d - a potion of might
 h - a potion of haste {unknown}
 j - 2 potions of ambrosia {unknown}
 k - 5 potions of curing {unknown}
 s - a potion of berserk rage {unknown}
 z - a potion of flight {unknown}
 A - 2 potions of mutation {unknown}
 E - 2 potions of brilliance {unknown}
Comestibles
 f - 15 rations


   Skills:
 + Level 5.1 Fighting
 + Level 7.2 Maces & Flails
 + Level 5.6 Armour
 + Level 2.4 Dodging
 + Level 6.7 Shields
 + Level 5.6 Invocations


You had 8 spell levels left.
You didn't know any spells.
Your spell library contained the following spells:

 Spells                   Type           Power        Failure   Level  Hunger
 Magic Dart               Conj           #...         87%         1    ##.....
 Blink                    Tloc           N/A          95%         2    ###....
 Call Imp                 Summ           #.......     95%         2    ###....
 Slow                     Hex            #.......     95%         2    ###....
 Conjure Flame            Conj/Fire      #.......     99%         3    ####...
 Mephitic Cloud           Conj/Pois/Air  #.......     99%         3    ####...


Dungeon Overview and Level Annotations

Branches:
Dungeon (8/15)             Temple (0/1) D:4
   Lair: D:8-11

Altars:
Cheibriados
Elyvilon
Makhleb
Wu Jian
Zin
The Shining One


Innate Abilities, Weirdness & Mutations

You are resistant to torment.
Your stone body is resilient. (AC +6)
You are immune to poison.
You resist negative energy. (rN+)
You are resistant to electric shocks. (rElec)
You can survive without breathing.
You are immune to petrification.
You are immune to rotting.


Message History

You feel very mighty all of a sudden.
The phantom blinks!
Your scale mail prevents you from hitting the two-headed ogre.
The two-headed ogre is heavily wounded.
You block the two-headed ogre's attack.
The two-headed ogre hits you with a giant spiked club.
You bludgeon the two-headed ogre!!
Your weapon exudes an aura of protection.
The two-headed ogre is almost dead.
The two-headed ogre barely misses you. The two-headed ogre closely misses you.
Your shield prevents you from hitting the two-headed ogre.
The two-headed ogre is almost dead.
You block the two-headed ogre's attack.
The two-headed ogre hits you with a giant spiked club!
* * * LOW HITPOINT WARNING * * *
You barely miss the two-headed ogre.
The two-headed ogre is almost dead.
The two-headed ogre completely misses you.
The two-headed ogre hits you with a giant spiked club!!
You die...

#...............
+........#
#........#
#........#
#........#
#........#
#........#
#####O#### #@#
#.# #.#
#####'###
#.......#
#.......#
#.......#
#.......#######
#..............


You could see a two-headed ogre.

Vanquished Creatures
  Pikel (D:6)
  Grinder (D:6)
  3 slaves (D:6)
  An ice beast (D:6)
  An orc warrior (D:4)
  A sky beast (D:5)
  An ogre (D:5)
  A black bear (D:4)
  3 centaurs
  A bullfrog (D:6)
  2 scorpions
  4 wights (D:6)
  2 crimson imps
  A bullfrog skeleton (D:4)
  2 orc priests (D:7)
  3 hounds
  An orc wizard (D:5)
  2 iguanas
  3 worker ants
  3 gnolls (D:3)
  7 adders
  3 oozes
  An adder zombie (D:5)
  3 worms
  4 dart slugs
  5 leopard geckos
  9 orcs
  2 ball pythons
  2 giant cockroaches
  4 hobgoblins
  9 jackals
  A quokka (D:5)
  9 bats
  2 frilled lizards (D:2)
  5 goblins
  A jackal skeleton (D:4)
  2 kobolds (D:3)
  8 rats
114 creatures vanquished.

Notes
Turn   | Place    | Note
-------+----------+-------------------------------------------
     0 | D:1      | topirishpotato the Gargoyle Fighter began the quest for the
                  | Orb.
     0 | D:1      | Reached XP level 1. HP: 14/14 MP: 1/1
     3 | D:1      | Noticed an electric eel
     3 | D:1      | Noticed an electric eel
    77 | D:1      | Reached XP level 2. HP: 19/19 MP: 2/2
   462 | D:1      | Reached XP level 3. HP: 24/24 MP: 3/3
   522 | D:2      | Found a burning altar of Makhleb.
   545 | D:2      | Became a worshipper of Makhleb the Destroyer
   823 | D:2      | Reached XP level 4. HP: 25/29 MP: 4/4
  1113 | D:3      | Reached skill level 3 in Maces & Flails
  1292 | D:3      | Reached * piety under Makhleb
  1569 | D:3      | Reached XP level 5. HP: 33/33 MP: 5/5
  1958 | D:4      | Noticed a black bear
  1963 | D:4      | Killed a black bear
  1963 | D:4      | Reached skill level 4 in Maces & Flails
  1963 | D:4      | Reached skill level 1 in Dodging
  1963 | D:4      | Reached XP level 6. HP: 38/38 MP: 6/6
  1999 | D:4      | Noticed an orc warrior
  2020 | D:4      | Killed an orc warrior
  2020 | D:4      | Reached skill level 5 in Shields
  2128 | D:4      | Found a staircase to the Ecumenical Temple.
  2407 | D:4      | Reached XP level 7. HP: 42/42 MP: 7/7
  2569 | D:4      | Found a glowing golden altar of the Shining One.
  2714 | D:4      | Found a snail-covered altar of Cheibriados.
  2714 | D:4      | Found an ornate altar of the Wu Jian Council.
  2904 | D:5      | Entered Level 5 of the Dungeon
  2940 | D:5      | Reached skill level 5 in Maces & Flails
  3118 | D:5      | Reached ** piety under Makhleb
  3394 | D:5      | Reached skill level 5 in Armour
  3511 | D:5      | Reached XP level 8. HP: 35/48 MP: 8/8
  3826 | D:5      | Reached skill level 1 in Invocations
  3926 | D:5      | Reached skill level 6 in Maces & Flails
  4243 | D:6      | Noticed Pikel
  4278 | D:6      | HP: 2/48 [Pikel/whip of electrocution (8)]
  4324 | D:6      | Killed Pikel
  4324 | D:6      | Reached skill level 5 in Invocations
  4324 | D:6      | Reached XP level 9. HP: 45/53 MP: 10/12
  4429 | D:6      | Noticed Grinder
  4443 | D:6      | Paralysed by Grinder for 5 turns
  4459 | D:6      | Killed Grinder
  4459 | D:6      | Reached skill level 5 in Fighting
  4937 | D:7      | Found a white marble altar of Elyvilon.
  5000 | D:7      | Reached skill level 7 in Maces & Flails
  5063 | D:7      | Found a glowing silver altar of Zin.
  5536 | D:8      | Noticed a two-headed ogre
  5557 | D:8      | Mangled by a two-headed ogre

Skill      XL: |  1  2  3  4  5  6  7  8  9 |
---------------+----------------------------+-----
Maces & Flails | 3 4 5 6 7 |  7.2
Shields        | 4 5 6 |  6.7
Armour         | 4 5 |  5.6
Dodging        | 1 2 |  2.4
Fighting       | 4 5 |  5.1
Invocations    | 5 |  5.6

Action                   |  1- 3 |  4- 6 |  7- 9 || total
-------------------------+-------+-------+-------++-------
Melee: Flail             |   127 |   167 |   322 ||   616
       Unarmed           |       |       |     2 ||     2
Invok: Minor Destruction |       |       |    53 ||    53
  Use: Potion            |       |     1 |     3 ||     4
  Eat: Chunk             |       |     5 |     7 ||    12
       Ration            |       |       |     1 ||     1
Armor: Scale mail        |    95 |    98 |   168 ||   361
Dodge: Dodged            |    42 |    73 |   100 ||   215
Block: Shield            |    65 |   126 |   164 ||   355
